[Event "Titled Tuesday Blitz May 10 Late 2022"]
[White "Pinheiro, Iung Alicio de O."]
[Black "Matinian, Nikita"]
[WhiteFideId "2104350"]
[BlackFideId "24129100"]
[WhiteElo "2283"]
[BlackElo "2422"]
[Result "0-1"]
[Round "07"]
[TimeControl "180+1"]
[Date "2022.05.11"]
[WhiteClock "0:00:12"]
[BlackClock "0:00:05"]

1. c4 e5 2. g3 Nc6 3. Bg2 f5 4. a3 Nf6 5. Nc3 g6 6. d3 Bg7 7. e4 d6 8. Nge2 O-O 9. O-O Be6 10. Nd5 Nh5 11. exf5 gxf5 12. f4 Nf6 13. Kh1 Kh8 14. Be3 Qd7 15. Qd2 Rae8 16. Rae1 b6 17. b3 a5 18. Nxf6 Bxf6 19. d4 Nxd4 20. Nxd4 exd4 21. Bxd4 Bxd4 22. Qxd4+ Qg7 23. Qxg7+ Kxg7 24. Bc6 Re7 25. Rf3 Kf6 26. Rfe3 Rff7 27. Kg1 Bc8 28. Kf2 Rxe3 29. Rxe3 Re7 30. Rxe7 Kxe7 31. Ke3 Be6 32. Kd4 Bf7 33. Bf3 c5+ 34. Kc3 Be8 35. b4 cxb4+ 36. axb4 Bf7 37. h3 h5 38. Bd1 Kf6 39. Bf3 Kg6 40. bxa5 bxa5 41. Be2 Be8 42. Kd4 Bc6 43. Bd1 Bg2 44. h4 Bc6 45. Kc3 Be8 46. Kb3 Kf6 47. Ka3 Ke6 48. Ba4 Bxa4 49. Kxa4 d5 50. c5 d4 51. Kb5 d3 52. c6 d2 53. c7 Kd7 54. Kb6 d1=Q 0-1


[Site "https://www.chess.com"]

[Event "Titled Tuesday Blitz May 10 Late 2022"]
[White "Prieto Aranguren, Alain"]
[Black "Joubert, Dantelle"]
[WhiteFideId "2268906"]
[BlackFideId "14310813"]
[WhiteElo "2235"]
[BlackElo "1507"]
[Result "0-1"]
[Round "07"]
[TimeControl "180+1"]
[Date "2022.05.11"]
[WhiteClock "0:02:08"]
[BlackClock "0:00:49"]

1. e4 c5 2. c3 g6 3. Nf3 Bg7 4. d4 cxd4 5. cxd4 d5 6. e5 Nc6 7. Nc3 Bg4 8. Be2 Nh6 9. h3 Bxf3 10. Bxf3 Nf5 11. Be3 O-O 12. O-O e6 13. Na4 b6 14. Rc1 Rc8 15. Be2 Nxe3 16. fxe3 Qg5 17. Qd2 Bh6 18. Rf3 Nxd4 19. Rxc8 Nxf3+ 20. Bxf3 Rxc8 21. Kf2 Qxe5 22. Nc3 Rc4 23. Qd3 Kg7 24. Ne2 Qxb2 25. Kg3 Qe5+ 26. Kf2 b5 27. Nd4 Bxe3+ 28. Qxe3 Qxd4 29. Qxd4+ Rxd4 30. Ke3 Rc4 31. Kd3 a5 32. Be2 b4 33. Kd2 Kf6 34. Bd3 Ke5 35. g4 Kd4 36. Bc2 Rxc2+ 37. Kxc2 e5 0-1


[Site "https://www.chess.com"]

[Event "Titled Tuesday Blitz May 10 Late 2022"]
[White "Prohorov, Olexandr"]
[Black "Radovanovic, Mihajlo"]
[WhiteFideId "14105578"]
[BlackFideId "940313"]
[WhiteElo "1993"]
[BlackElo "2394"]
[Result "1-0"]
[Round "07"]
[TimeControl "180+1"]
[Date "2022.05.11"]
[WhiteClock "0:00:07"]
[BlackClock "0:00:06"]

1. e4 d6 2. d4 Nf6 3. Nc3 Nbd7 4. Nf3 e5 5. Bc4 Be7 6. O-O O-O 7. a4 c6 8. Re1 b6 9. h3 a6 10. d5 c5 11. Be3 Nh5 12. Ne2 g6 13. Qd2 Ng7 14. Bh6 Kh8 15. Ng3 f6 16. Bd3 Rf7 17. c3 Rb8 18. b4 Bf8 19. Rab1 Qc7 20. Be3 Be7 21. Qa2 f5 22. Ng5 Bxg5 23. Bxg5 f4 24. Nf1 Ne8 25. Nh2 h5 26. Bh4 Nef6 27. Nf3 Nh7 28. Rb2 Rg7 29. Ng5 Ndf6 30. Reb1 Nxg5 31. Bxg5 Nh7 32. Bh6 Rg8 33. a5 b5 34. c4 g5 35. bxc5 dxc5 36. cxb5 Qd6 37. bxa6 Rxb2 38. Qxb2 Qxh6 39. a7 Ba6 40. Qxe5+ Qg7 41. Qxg7+ Kxg7 42. Rb8 1-0


[Site "https://www.chess.com"]

[Event "Titled Tuesday Blitz May 10 Late 2022"]
[White "Qashashvili, Alexandre"]
[Black "Sabar, Ethmane Daouda"]
[WhiteFideId "13600842"]
[BlackFideId "19600097"]
[WhiteElo "2316"]
[BlackElo "1950"]
[Result "0-1"]
[Round "07"]
[TimeControl "180+1"]
[Date "2022.05.11"]
[WhiteClock "0:00:05"]
[BlackClock "0:00:15"]

1. e4 c5 2. Nc3 Nc6 3. Nf3 e6 4. d3 Be7 5. g3 d6 6. Bg2 Nf6 7. O-O O-O 8. h3 a6 9. Re1 Bd7 10. e5 dxe5 11. Nxe5 Nxe5 12. Rxe5 Qc7 13. Re2 Bc6 14. Bf4 Qc8 15. Ne4 Rd8 16. Nxf6+ Bxf6 17. Be5 Bxg2 18. Bxf6 gxf6 19. Kxg2 Qc6+ 20. Kg1 c4 21. Re3 f5 22. Qe2 Rac8 23. c3 cxd3 24. Rxd3 Rxd3 25. Qxd3 Qc4 26. Qxc4 Rxc4 27. Rd1 b5 28. Rd6 b4 29. cxb4 Rxb4 30. b3 a5 31. Ra6 Rb5 32. Kf1 Re5 33. Kg2 Kg7 34. Ra7 Kf6 35. Kf3 Rc5 36. Ke3 e5 37. Ra6+ Ke7 38. Rh6 Rc2 39. Rxh7 Rxa2 40. Rh5 Ke6 41. Rh6+ f6 42. Rh7 Rb2 43. Rb7 a4 44. Rb6+ Kf7 45. b4 a3 46. b5 a2 47. Ra6 Rb3+ 48. Ke2 Rb2+ 49. Kf3 Rb3+ 50. Kg2 Rb2 51. b6 Rxb6 52. Rxa2 Kg6 53. h4 Rc6 54. Ra8 Rb6 55. Rg8+ Kf7 56. Rh8 Kg7 57. Re8 Kf7 58. Ra8 Kg6 59. Ra2 Rc6 60. Kh3 Kh6 61. Ra3 Kg6 62. f3 Rc2 63. g4 fxg4+ 64. fxg4 e4 65. Re3 f5 66. Kg3 fxg4 67. Rxe4 Rc3+ 68. Kxg4 Rc1 69. Re6+ Kh7 70. Re5 Rg1+ 71. Kh5 Rg8 72. Re7+ Kh8 73. Kh6 Rc8 74. Re6 Rd8 75. Rc6 Re8 76. Rd6 Rf8 77. h5 Re8 78. Rd7 Rc8 79. Rh7+ Kg8 80. Rg7+ Kh8 81. Rg6 Rb8 82. Rc6 Rf8 83. Rc7 Re8 84. Rd7 Rf8 85. Re7 Rc8 86. Rb7 Ra8 87. Rb6 Rb8 88. Rb7 Rxb7 0-1


[Site "https://www.chess.com"]

[Event "Titled Tuesday Blitz May 10 Late 2022"]
[White "Ramirez Vido, Robert Yorisan"]
[Black "Tomaszewski, Kacper"]
[WhiteFideId "3513823"]
[BlackFideId "1127373"]
[WhiteElo "2355"]
[BlackElo "2153"]
[Result "0-1"]
[Round "07"]
[TimeControl "180+1"]
[Date "2022.05.11"]
[WhiteClock "0:00:59"]
[BlackClock "0:02:14"]

1. Nf3 c5 2. g3 b6 3. Bg2 Bb7 4. O-O e6 5. d3 Nf6 6. e4 Be7 7. Nbd2 O-O 8. Re1 Ne8 9. a4 Nc6 10. Nc4 d5 11. exd5 exd5 12. Nce5 Nxe5 13. Nxe5 Bd6 14. Bf4 Nf6 15. Qd2 Qc7 16. d4 Ne4 17. Qe3 cxd4 18. Qxd4 Bc5 19. Nf3 Bxd4 20. Bxc7 Bxf2+ 21. Kf1 Ba6+ 0-1


[Site "https://www.chess.com"]

[Event "Titled Tuesday Blitz May 10 Late 2022"]
[White "Remolar Gallen, Jose"]
[Black "Hnydiuk, Aleksander"]
[WhiteFideId "2215187"]
[BlackFideId "1109057"]
[WhiteElo "2205"]
[BlackElo "2374"]
[Result "0-1"]
[Round "07"]
[TimeControl "180+1"]
[Date "2022.05.11"]
[WhiteClock "0:00:15"]
[BlackClock "0:01:32"]

1. d4 Nf6 2. Nf3 g6 3. Nbd2 d5 4. e3 Bg7 5. Be2 O-O 6. O-O c5 7. b3 Nc6 8. Bb2 cxd4 9. exd4 Ne4 10. h3 Bf5 11. Bd3 Nb4 12. Bxe4 dxe4 13. Nh4 Bxd4 14. c3 Bf6 15. Nxf5 gxf5 16. cxb4 Bxb2 17. Rb1 Bg7 18. Qe1 Bc3 19. Rd1 Qd3 20. Qe3 Qxe3 21. fxe3 e6 22. g4 Rad8 23. Nc4 b5 24. Nd6 Bxb4 25. Nxb5 Bc5 26. Kf2 f4 27. Nd4 fxe3+ 28. Kxe3 Rxd4 29. Rxd4 Rd8 30. Kxe4 Rxd4+ 31. Ke5 Rd5+ 32. Kf6 Kf8 33. Rc1 Be7# 0-1


[Site "https://www.chess.com"]

[Event "Titled Tuesday Blitz May 10 Late 2022"]
[White "Ricaurte Lopez, Juan Carlos"]
[Black "Melikhov, Evgeny V."]
[WhiteFideId "3600327"]
[BlackFideId "4122046"]
[WhiteElo "2209"]
[BlackElo "1931"]
[Result "1/2-1/2"]
[Round "07"]
[TimeControl "180+1"]
[Date "2022.05.11"]
[WhiteClock "0:00:42"]
[BlackClock "0:00:11"]

1. e4 c5 2. Nf3 d6 3. d4 cxd4 4. Nxd4 Nf6 5. Nc3 a6 6. f4 e5 7. Nf3 exf4 8. Bxf4 Nc6 9. Bc4 Be6 10. Bb3 Be7 11. O-O O-O 12. Kh1 Bxb3 13. axb3 h6 14. Qd2 Ng4 15. Rad1 Qa5 16. Nd5 Qxd2 17. Nxe7+ Nxe7 18. Rxd2 Rfe8 19. Bxd6 Nc6 20. h3 Nge5 21. Nxe5 Nxe5 22. Bxe5 Rxe5 23. Rd7 f6 24. Rfd1 Rxe4 25. Rxb7 Kh7 26. Rdd7 Rg8 27. Re7 Rxe7 28. Rxe7 Rd8 29. Re2 Kg6 30. Kg1 Kf5 31. Kf2 h5 32. g3 g5 33. Ke3 Rd1 34. c4 Ke5 35. b4 f5 36. Rc2 f4+ 37. gxf4+ gxf4+ 38. Ke2 Rh1 39. c5 Kd4 40. c6 Rh2+ 41. Kd1 Rh1+ 42. Kd2 Rh2+ 43. Kc1 Rh1+ 44. Kd2 Rh2+ 45. Kd1 Rh1+ 46. Ke2 Rh2+ 47. Kd1 1/2-1/2


[Site "https://www.chess.com"]

[Event "Titled Tuesday Blitz May 10 Late 2022"]
[White "Roberson, Peter T"]
[Black "Przybylski, Wojciech"]
[WhiteFideId "412384"]
[BlackFideId "1117599"]
[WhiteElo "2346"]
[BlackElo "2133"]
[Result "0-1"]
[Round "07"]
[TimeControl "180+1"]
[Date "2022.05.11"]
[WhiteClock "0:01:05"]
[BlackClock "0:01:38"]

1. e4 c5 2. Be2 e5 3. Nf3 Nc6 4. O-O Nf6 5. Nc3 Be7 6. Re1 O-O 7. a3 d6 8. Bc4 Be6 9. d3 Nd4 10. Bg5 h6 11. Bxf6 Bxf6 12. Nd5 b5 13. Ba2 Rc8 14. c3 Nxf3+ 15. Qxf3 Bg5 16. Rad1 Kh7 17. g3 Qe8 18. h4 Bd8 19. b4 f5 20. Qe2 f4 21. Kh2 f3 22. Qd2 Qg6 23. Ne3 Bd7 24. Bd5 cxb4 25. axb4 Bxh4 26. gxh4 Rf4 27. Nf5 Qg2# 0-1


[Site "https://www.chess.com"]

[Event "Titled Tuesday Blitz May 10 Late 2022"]
[White "Romanchuk, Viktor"]
[Black "Leitao, Rafael"]
[WhiteFideId "14109271"]
[BlackFideId "2101246"]
[WhiteElo "2242"]
[BlackElo "2609"]
[Result "0-1"]
[Round "07"]
[TimeControl "180+1"]
[Date "2022.05.10"]
[WhiteClock "0:00:02"]
[BlackClock "0:00:15"]

1. d4 Nf6 2. c4 e6 3. Nc3 Bb4 4. e3 O-O 5. Ne2 c6 6. a3 Ba5 7. Qc2 d5 8. Ng3 Nbd7 9. Be2 dxc4 10. Bxc4 Bc7 11. O-O e5 12. Rd1 exd4 13. Rxd4 g6 14. b4 Qe7 15. Bb2 Ne5 16. Bb3 Be6 17. Rad1 Bxb3 18. Qxb3 Rad8 19. Nce4 Nxe4 20. Nxe4 Rxd4 21. Rxd4 Rd8 22. Qd1 f6 23. f4 Rxd4 24. Qxd4 Bb6 25. Nxf6+ Qxf6 26. Qxe5 Qxe5 27. Bxe5 Bxe3+ 28. Kf1 Kf7 29. Ke2 Bc1 30. a4 Ke6 31. Kd3 Kf5 32. Bd4 Bxf4 33. h3 Bb8 34. Ke3 h5 35. Kf3 a6 36. g4+ hxg4+ 37. hxg4+ Ke6 38. Ke4 Bd6 39. Bc3 b5 40. axb5 axb5 41. Bd2 c5 42. bxc5 Bxc5 43. Be1 b4 44. Bd2 b3 45. Kd3 b2 46. Kc2 Bd4 47. Bf4 Kd5 48. Bd2 Ke4 49. Kb1 Kf3 50. g5 Be3 51. Bc3 Bc1 52. Bf6 Ke4 53. Kc2 Kf3 54. Kb1 Kg4 55. Kc2 Kh4 56. Kb1 Kh5 57. Kc2 Kg4 58. Kb1 Kf5 59. Kc2 Ke4 60. Kb1 Kd3 0-1


[Site "https://www.chess.com"]

[Event "Titled Tuesday Blitz May 10 Late 2022"]
[White "Romero Ruscalleda, Josep"]
[Black "Urbina Perez, Juan Antonio"]
[WhiteFideId "2231859"]
[BlackFideId "2217368"]
[WhiteElo "2307"]
[BlackElo "2192"]
[Result "1-0"]
[Round "07"]
[TimeControl "180+1"]
[Date "2022.05.11"]
[WhiteClock "0:02:11"]
[BlackClock "0:01:21"]

1. e4 c5 2. c3 Nf6 3. e5 Nd5 4. Nf3 d6 5. Bc4 Nb6 6. Bb3 c4 7. Bc2 dxe5 8. Nxe5 Qd5 9. Qe2 Qxg2 10. Be4 Qg5 11. Nxc4 Nxc4 12. Qxc4 Nc6 13. Bxc6+ bxc6 14. Qxc6+ Kd8 15. Qxa8 Qe5+ 16. Kd1 g6 17. d4 Qh5+ 18. f3 Kc7 19. Bf4+ e5 20. Bxe5+ Bd6 21. Qxa7+ Bb7 22. Qc5+ Kb8 23. Bxd6+ 1-0


[Site "https://www.chess.com"]

[Event "Titled Tuesday Blitz May 10 Late 2022"]
[White "Rorrer, Grayson"]
[Black "Zhigalko, Sergei"]
[WhiteFideId "30944996"]
[BlackFideId "13502956"]
[WhiteElo "2122"]
[BlackElo "2662"]
[Result "0-1"]
[Round "07"]
[TimeControl "180+1"]
[Date "2022.05.10"]
[WhiteClock "0:00:02"]
[BlackClock "0:00:06"]

1. e4 c5 2. Nf3 Nc6 3. Bb5 Nf6 4. Bxc6 dxc6 5. d3 Bg4 6. h3 Bh5 7. Nc3 Nd7 8. Be3 e6 9. Qe2 Be7 10. O-O-O Qa5 11. g4 Bg6 12. Kb1 b5 13. Qe1 Qc7 14. Ne2 f6 15. Nh4 Bf7 16. f4 a5 17. Nf3 a4 18. d4 cxd4 19. Nexd4 O-O 20. g5 fxg5 21. Nxg5 Bxg5 22. fxg5 Rae8 23. Qe2 Bg6 24. Bc1 Nc5 25. e5 a3 26. h4 Be4 27. Rhe1 Qxe5 28. Nxc6 Qc7 29. Nd4 b4 30. Rf1 Bd5 31. Rxf8+ Rxf8 32. Rf1 Rc8 33. Bf4 Qd7 34. Qe5 Ne4 35. h5 axb2 36. g6 Qa7 37. Nb3 Bxb3 0-1


[Site "https://www.chess.com"]

[Event "Titled Tuesday Blitz May 10 Late 2022"]
[White "Rosen, Eric"]
[Black "Lewicki, Miroslaw"]
[WhiteFideId "2032562"]
[BlackFideId "1113380"]
[WhiteElo "2362"]
[BlackElo "2283"]
[Result "0-1"]
[Round "07"]
[TimeControl "180+1"]
[Date "2022.05.10"]
[WhiteClock "0:00:04"]
[BlackClock "0:00:18"]

1. d4 a6 2. Bf4 b5 3. Nf3 Nf6 4. e3 Bb7 5. c4 bxc4 6. Bxc4 e6 7. Nc3 Be7 8. Qb3 Qc8 9. Rc1 Nc6 10. Qa4 O-O 11. h3 Nb4 12. a3 Bc6 13. Qd1 Nbd5 14. Bg3 Nxc3 15. bxc3 Bxa3 16. Rb1 Ne4 17. Rb3 Nxg3 18. fxg3 Ba4 19. Qd3 Bxb3 20. Bxb3 Rb8 21. Bc2 g6 22. O-O c5 23. c4 Bb2 24. Ne5 cxd4 25. exd4 d6 26. Ng4 e5 27. Kh2 f5 28. Nh6+ Kg7 29. Qd2 Qxc4 30. Rxf5 gxf5 31. Nxf5+ Rxf5 32. Bxf5 Qf7 33. Qg5+ Kh8 34. d5 e4 35. Bxe4 Be5 36. h4 Rg8 37. Qf5 Qxf5 38. Bxf5 Rxg3 39. Kh1 a5 40. Bd7 Ra3 41. g4 a4 42. g5 Ra1+ 43. Kg2 a3 44. Bb5 a2 45. Bc4 Rg1+ 46. Kxg1 a1=Q+ 47. Bf1 Qc3 48. g6 Qg3+ 49. Bg2 Bd4+ 50. Kh1 Qe1+ 51. Kh2 Be5+ 52. Kh3 Qg3# 0-1


[Site "https://www.chess.com"]

[Event "Titled Tuesday Blitz May 10 Late 2022"]
[White "Sarana, Alexey"]
[Black "Clarke, Brandon G I"]
[WhiteFideId "24133795"]
[BlackFideId "400319"]
[WhiteElo "2666"]
[BlackElo "2414"]
[Result "0-1"]
[Round "07"]
[TimeControl "180+1"]
[Date "2022.05.10"]
[WhiteClock "0:01:17"]
[BlackClock "0:01:36"]

1. d4 Nf6 2. c4 g6 3. Nc3 d5 4. cxd5 Nxd5 5. e4 Nxc3 6. bxc3 Bg7 7. Be3 c5 8. Qd2 Qa5 9. Rc1 O-O 10. Nf3 cxd4 11. cxd4 Qxd2+ 12. Bxd2 e6 13. h4 Nc6 14. Be3 Rd8 15. Rd1 b6 16. h5 Bb7 17. h6 Bf6 18. e5 Be7 19. Bb5 Nb4 20. Rd2 Nd5 21. Bg5 Bb4 22. Bxd8 Rxd8 23. a3 Ba5 24. O-O Bxd2 25. Nxd2 Nc3 26. Bc4 Rxd4 27. Rc1 Rxc4 28. Kh2 Rh4+ 29. Kg3 Ne2+ 30. Kxh4 Nxc1 31. f3 Nd3 32. Nc4 Bd5 33. Nd6 Nxe5 34. Kg5 Nd7 35. Kf4 f6 36. g4 e5+ 37. Ke3 Kf8 38. f4 exf4+ 39. Kxf4 a5 40. g5 fxg5+ 41. Kxg5 Bc6 42. Nc4 Ke7 43. Ne3 b5 44. Nc2 Nc5 45. Nd4 Ne6+ 0-1


[Site "https://www.chess.com"]

[Event "Titled Tuesday Blitz May 10 Late 2022"]
[White "Sargsyan, Anna M."]
[Black "Bifulco, Michel"]
[WhiteFideId "13308130"]
[BlackFideId "828580"]
[WhiteElo "2271"]
[BlackElo "2165"]
[Result "1-0"]
[Round "07"]
[TimeControl "180+1"]
[Date "2022.05.11"]
[WhiteClock "0:01:11"]
[BlackClock "0:01:20"]

1. d4 Nf6 2. c4 g6 3. g3 Bg7 4. Bg2 O-O 5. Nc3 d6 6. Nf3 Nc6 7. O-O a6 8. h3 Bd7 9. e4 Rb8 10. e5 dxe5 11. dxe5 Ne8 12. Re1 Be6 13. Qe2 Nd4 14. Nxd4 Qxd4 15. Nd5 Bxd5 16. cxd5 e6 17. dxe6 fxe6 18. Bf4 c6 19. Rad1 Qb4 20. a3 Qe7 21. Be3 Nc7 22. f4 Nd5 23. Bf2 Rfd8 24. Rc1 Rd7 25. Qg4 Rf8 26. Bc5 Qd8 27. Bxf8 Bxf8 28. Qxe6+ 1-0


[Site "https://www.chess.com"]

[Event "Titled Tuesday Blitz May 10 Late 2022"]
[White "Sernecki, Franciszek"]
[Black "Kalajzic, Ivan"]
[WhiteFideId "1169297"]
[BlackFideId "14506378"]
[WhiteElo "2189"]
[BlackElo "2163"]
[Result "1-0"]
[Round "07"]
[TimeControl "180+1"]
[Date "2022.05.11"]
[WhiteClock "0:00:06"]
[BlackClock "0:00:44"]

1. d4 Nc6 2. Nf3 d6 3. c4 Bg4 4. e3 e5 5. Be2 Nf6 6. O-O g6 7. h3 Bd7 8. Nc3 Bg7 9. d5 Ne7 10. e4 O-O 11. b4 a5 12. bxa5 Rxa5 13. Nd2 b6 14. Nb3 Ra8 15. a4 Ne8 16. a5 bxa5 17. Rxa5 Rb8 18. c5 f5 19. c6 Bc8 20. Ba6 fxe4 21. Bxc8 Nxc8 22. Nxe4 Nb6 23. Bg5 Bf6 24. Bh6 Bg7 25. Bg5 Qc8 26. Be3 Qf5 27. Nbd2 Nf6 28. Bxb6 Rxb6 29. Nxf6+ Bxf6 30. Qg4 Bg5 31. Ne4 Qxg4 32. hxg4 Be7 33. g5 Rf5 34. Ra7 Bd8 35. Ra8 Rf8 36. f3 Kf7 37. Rd1 Be7 38. Ra7 Rc8 39. Rd3 Bd8 40. Nxd6+ Kf8 41. Nxc8 Bxg5 42. Nxb6 1-0


[Site "https://www.chess.com"]

[Event "Titled Tuesday Blitz May 10 Late 2022"]
[White "Shapiro, Daniel"]
[Black "Vovk, Orest"]
[WhiteFideId "2001780"]
[BlackFideId "14113490"]
[WhiteElo "2328"]
[BlackElo "2203"]
[Result "0-1"]
[Round "07"]
[TimeControl "180+1"]
[Date "2022.05.11"]
[WhiteClock "0:00:01"]
[BlackClock "0:00:32"]

1. d4 Nf6 2. c4 e6 3. g3 Bb4+ 4. Nd2 O-O 5. Bg2 Nc6 6. Nf3 Ne4 7. e3 b6 8. O-O Nxd2 9. Nxd2 Be7 10. d5 Na5 11. d6 Bxd6 12. Bxa8 c6 13. Qa4 Be5 14. Rb1 Ba6 15. b4 Bxc4 16. Nxc4 Nxc4 17. Bxc6 dxc6 18. Qxc6 Qd3 19. Rb3 Qe2 20. Qb5 h5 21. f4 Bf6 22. Qc6 Rd8 23. Qg2 Qg4 24. h3 Qg6 25. e4 Bd4+ 26. Kh2 e5 27. f5 Qc6 28. Bg5 f6 29. Bc1 Qa4 30. Qc2 Rc8 31. Rc3 Qc6 32. Rb3 b5 33. g4 h4 34. g5 Kf7 35. g6+ Ke7 36. Qe2 Nd6 37. Re1 Qc2 38. Qxc2 Rxc2+ 39. Kh1 Nxe4 40. Be3 Ng3+ 41. Kg1 Bxe3+ 42. Rexe3 Nxf5 43. Re4 Rxa2 44. Rc3 Kd7 45. Re1 Nd4 46. Kf1 Rb2 47. Rec1 Ne6 48. Rd3+ Ke7 49. Rdc3 f5 50. Rc6 Rxb4 51. Ra6 Rf4+ 0-1


[Site "https://www.chess.com"]

[Event "Titled Tuesday Blitz May 10 Late 2022"]
[White "Simonovic, Miroslav"]
[Black "Sanchez Alvares, Kelvin Antonio"]
[WhiteFideId "919152"]
[BlackFideId "3906680"]
[WhiteElo "2043"]
[BlackElo "2193"]
[Result "0-1"]
[Round "07"]
[TimeControl "180+1"]
[Date "2022.05.11"]
[WhiteClock "0:00:18"]
[BlackClock "0:00:26"]

1. d4 Nf6 2. Bg5 Ne4 3. h4 c5 4. dxc5 Qa5+ 5. Nd2 Nxg5 6. hxg5 Qxc5 7. Ngf3 Nc6 8. c3 d5 9. e3 e5 10. Nb3 Qd6 11. Qc2 g6 12. O-O-O Bf5 13. Qd2 O-O-O 14. Rh4 Be7 15. g4 Be4 16. Be2 Bxf3 17. Bxf3 Bxg5 18. Rhh1 d4 19. cxd4 exd4 20. Bxc6 Qxc6+ 21. Qc2 dxe3 22. Rxd8+ Rxd8 23. Qxc6+ bxc6 24. fxe3 Bxe3+ 25. Kc2 Rh8 26. Kd3 Bb6 27. g5 Bd8 28. Nd4 Bxg5 29. Nxc6 h5 30. Nxa7+ Kd7 31. Nb5 h4 32. Nd4 h3 33. b4 Bf4 34. b5 g5 35. Ke4 Bd6 36. a4 g4 37. Nf5 g3 38. Nxd6 g2 39. Rg1 Kxd6 40. Kf3 h2 41. Kxg2 hxg1=Q+ 42. Kxg1 Ra8 43. Kf2 Rxa4 44. b6 Rb4 45. Kf3 Rxb6 46. Ke4 Rb5 47. Kf4 Re5 48. Kf3 Ke6 49. Kf4 Kf6 50. Kf3 Kf5 51. Kg3 Re3+ 52. Kf2 Kf4 53. Kg2 Re2+ 0-1


[Site "https://www.chess.com"]

[Event "Titled Tuesday Blitz May 10 Late 2022"]
[White "Sjugirov, Sanan"]
[Black "Riehle, Marco"]
[WhiteFideId "4189302"]
[BlackFideId "12904392"]
[WhiteElo "2602"]
[BlackElo "2462"]
[Result "0-1"]
[Round "07"]
[TimeControl "180+1"]
[Date "2022.05.10"]
[WhiteClock "0:00:03"]
[BlackClock "0:00:16"]

1. Nf3 c5 2. e3 Nc6 3. b3 e5 4. Bb2 e4 5. Ne5 Nxe5 6. Bxe5 Qg5 7. Bg3 Nf6 8. Nc3 Be7 9. f3 exf3 10. Qxf3 O-O 11. Be2 d5 12. h4 Qg6 13. Bd3 Qg4 14. Qxg4 Bxg4 15. O-O Rfe8 16. Nb5 Red8 17. Rae1 Ne4 18. Bxe4 dxe4 19. Rf2 f5 20. a4 Rd7 21. Na3 Rad8 22. Nc4 b6 23. Ref1 g6 24. Kh2 a6 25. Nxb6 Rxd2 26. Nc4 Rxf2 27. Rxf2 Rd1 28. Ne5 Bh5 29. Nc4 Kf7 30. a5 Ke6 31. Nb2 Rd5 32. Nc4 h6 33. Rf1 Rd1 34. Rf2 g5 35. hxg5 hxg5 36. Nb2 Rd5 37. Nc4 Bg4 38. Bc7 Bh5 39. Bg3 Be8 40. Nb2 Bd7 41. Bc7 Bc6 42. Bg3 Bd6 43. Bxd6 Rxd6 44. Nc4 Rd1 45. Kg3 Bb5 46. Nb2 Rd8 47. Kh2 Ke5 48. Kg3 f4+ 49. exf4+ gxf4+ 50. Kh2 e3 51. Rf3 e2 52. c4 e1=Q 0-1


[Site "https://www.chess.com"]

[Event "Titled Tuesday Blitz May 10 Late 2022"]
[White "Srinath, Rao S.V."]
[Black "Herrera Reyes, Jose Antonio"]
[WhiteFideId "5028876"]
[BlackFideId "2274914"]
[WhiteElo "2181"]
[BlackElo "2361"]
[Result "1-0"]
[Round "07"]
[TimeControl "180+1"]
[Date "2022.05.10"]
[WhiteClock "0:01:11"]
[BlackClock "0:00:07"]

1. e4 c5 2. c3 d6 3. d4 cxd4 4. cxd4 e6 5. Nc3 a6 6. Bd3 b5 7. a3 Bb7 8. Nge2 Nd7 9. O-O g6 10. Be3 Bg7 11. f4 Ne7 12. Qd2 O-O 13. f5 Kh8 14. Bg5 gxf5 15. exf5 Rg8 16. f6 Nxf6 17. Rxf6 Bxg2 18. Rxf7 Bh3 19. Qf4 Bf5 20. Bxf5 exf5 21. Bxe7 Qe8 22. Qxf5 Qc6 23. Nd5 Qc4 24. Kh1 Qxe2 25. Rg1 Qxb2 26. Rfxg7 Rxg7 27. Bf6 1-0


[Site "https://www.chess.com"]

[Event "Titled Tuesday Blitz May 10 Late 2022"]
[White "Stanisz, Patryk"]
[Black "Kate1606"]
[WhiteFideId "1123106"]
[WhiteElo "1833"]
[BlackElo "2077"]
[Result "1-0"]
[Round "07"]
[TimeControl "180+1"]
[Date "2022.05.11"]
[WhiteClock "0:00:49"]
[BlackClock "0:00:01"]

1. Nf3 Nf6 2. c4 g6 3. Nc3 c5 4. g3 Nc6 5. Bg2 Bg7 6. O-O d6 7. d4 cxd4 8. Nxd4 Bd7 9. Rb1 O-O 10. Nc2 Rb8 11. b3 Qa5 12. Bb2 a6 13. Qd2 Ng4 14. Rbd1 Rfc8 15. a3 Qh5 16. h4 Bh6 17. Qd5 Qf5 18. e4 Qxd5 19. exd5 Nce5 20. f4 Nxc4 21. bxc4 Rxc4 22. Bh3 Bg7 23. Rc1 Bxc3 24. Bxg4 Bxg4 25. Ne3 Rc5 26. Bxc3 Rbc8 27. Nxg4 Rxc3 28. Rxc3 Rxc3 29. Kg2 Rxa3 30. Rb1 b5 31. Nf2 Rd3 32. Ra1 1-0


[Site "https://www.chess.com"]

[Event "Titled Tuesday Blitz May 10 Late 2022"]
[White "Stoleriu, George"]
[Black "Donchenko, Alexander"]
[WhiteFideId "1227505"]
[BlackFideId "24603295"]
[WhiteElo "2194"]
[BlackElo "2572"]
[Result "1-0"]
[Round "07"]
[TimeControl "180+1"]
[Date "2022.05.10"]
[WhiteClock "0:00:25"]
[BlackClock "0:00:58"]

1. e4 g6 2. d4 Bg7 3. Nc3 d6 4. Be3 a6 5. Qd2 Nd7 6. h4 h6 7. h5 g5 8. f4 gxf4 9. Bxf4 e5 10. Be3 Ngf6 11. Be2 b5 12. d5 b4 13. Nd1 Nxe4 14. Qd3 Ndc5 15. Qc4 a5 16. a3 Ba6 17. Qa2 Bxe2 18. Nxe2 f5 19. axb4 f4 20. bxc5 fxe3 21. Nxe3 Qg5 22. Qa4+ Ke7 23. Qxe4 Rhf8 24. Rh3 Bf6 25. cxd6+ cxd6 26. Nf5+ Kd7 27. Qa4+ Kd8 28. Qc6 Rc8 29. Qxd6+ Ke8 30. Qe6+ Kd8 31. Qd6+ Ke8 32. Qe6+ Kd8 33. Rg3 Qxh5 34. Qd6+ Ke8 35. Ng7+ Bxg7 36. Rxg7 Qh4+ 37. Kd2 Qb4+ 38. Qxb4 axb4 39. Raa7 b3 40. Rge7+ Kd8 41. Rad7# 1-0


[Site "https://www.chess.com"]

[Event "Titled Tuesday Blitz May 10 Late 2022"]
[White "Stremavicius, Titas"]
[Black "Vasquez Schroeder, Rodrigo"]
[WhiteFideId "12804444"]
[BlackFideId "3400042"]
[WhiteElo "2404"]
[BlackElo "2567"]
[Result "1/2-1/2"]
[Round "07"]
[TimeControl "180+1"]
[Date "2022.05.10"]
[WhiteClock "0:00:11"]
[BlackClock "0:00:19"]

1. f4 d5 2. Nf3 Nh6 3. d3 d4 4. c3 c5 5. e4 dxe3 6. Bxe3 Qc7 7. Na3 Nf5 8. Bd2 a6 9. g3 b5 10. Bg2 Bb7 11. O-O e6 12. Nc2 Be7 13. a4 O-O 14. Qe2 Nd7 15. Ne3 Nxe3 16. Bxe3 Nf6 17. Kh1 Rfd8 18. Bg1 Bd6 19. axb5 axb5 20. Rxa8 Rxa8 21. Nd2 Ra2 22. Ne4 Be7 23. Qc2 Ra7 24. b3 Ra6 25. c4 bxc4 26. bxc4 Nd7 27. Rb1 Rb6 28. Bf2 h6 29. Rb3 Bc6 30. Qb1 Ra6 31. Nc3 Bxg2+ 32. Kxg2 Qc6+ 33. Kg1 Ra7 34. Nb5 Ra8 35. Rb2 Bf6 36. Ra2 Ra6 37. Qc2 Qb7 38. Qe2 Qa8 39. Rxa6 Qxa6 40. Kg2 Qa1 41. Qe4 Qa6 42. Nc7 Qb6 43. Qa8+ Nf8 44. Nb5 Be7 45. Qa7 Qxa7 46. Nxa7 Nd7 47. Nc6 Bd6 48. Kf3 f5 49. h3 Kf7 50. g4 g6 51. Na5 Ke7 52. Nb7 e5 53. Be3 exf4 54. Bxf4 Bxf4 55. Kxf4 fxg4 56. hxg4 Ke6 57. Nd8+ Kf6 58. Nc6 Ke6 59. Nd8+ Kf6 60. Nc6 Ke6 61. Nd8+ 1/2-1/2


[Site "https://www.chess.com"]

[Event "Titled Tuesday Blitz May 10 Late 2022"]
[White "Svane, Frederik"]
[Black "Rustemov, Alexander"]
[WhiteFideId "12923044"]
[BlackFideId "4119002"]
[WhiteElo "2459"]
[BlackElo "2752"]
[Result "1-0"]
[Round "07"]
[TimeControl "180+1"]
[Date "2022.05.10"]
[WhiteClock "0:00:45"]
[BlackClock "0:00:01"]

1. c4 c5 2. Nc3 g6 3. g3 Bg7 4. Bg2 Nc6 5. Nf3 b6 6. O-O Bb7 7. Rb1 d6 8. a3 Bxc3 9. bxc3 Qc7 10. d3 Nf6 11. e4 h6 12. Re1 Nd7 13. a4 O-O-O 14. Nd2 Na5 15. Nb3 Nxb3 16. Qxb3 a5 17. Be3 Kb8 18. Qc2 Ka7 19. d4 e5 20. Rb5 Ba6 21. Qb3 Rc8 22. Bh3 Rhd8 23. Rb1 cxd4 24. cxd4 Bxb5 25. Qxb5 Qc6 26. Qb2 Rb8 27. d5 Qc7 28. Bxd7 Rxd7 29. Qb5 Rb7 30. Qxa5+ Kb8 31. Qb5 Qd8 32. Bxb6 Qe8 33. a5 Re7 34. Qb4 Ka8 35. Qxd6 Red7 36. Qb4 Qc8 37. c5 Rb8 38. c6 Rc7 39. Qc4 Ra7 40. Rb4 Ra6 41. d6 1-0


[Site "https://www.chess.com"]